 Dungeon Crawl Stone Soup version 0.31-a0-240-gb923e448b6 (webtiles) character file.

Game seed: 1240476401082912433

343 qw the Shooter (level 6, -4/37 HPs)
             Began as a Gargoyle Hexslinger on July 11, 2023.
             Slain by a gnoll
             ... wielding a +0 spear
              (6 damage)
             ... on level 4 of the Dungeon.
             The game lasted 00:01:12 (3007 turns).

qw the Shooter (Gargoyle Hexslinger)                Turns: 3007, Time: 00:01:12

Health: -4/37      AC: 12    Str: 12    XL:     6   Next: 57%
Magic:  7/7        EV: 15    Int: 13    God:
Gold:   30         SH:  0    Dex: 14    Spells: 6/7 levels left

rFire   . . .        Y - +2 sling
rCold   . . .        (no shield)
rNeg    + . .        h - +0 ring mail
rPois   inf          (no helmet)
rElec   +            (no cloak)
rCorr   .            d - +2 pair of gloves
SInv    .            (no boots)
Will    .....        (no amulet)
Stlth   +            i - +5 ring of evasion
HPRegen 0.26/turn    (no ring)
MPRegen 0.10/turn

%: no passive effects
@: no status effects
A: sickness immunity, AC +4, negative energy resistance 1, electricity
resistance, torment resistance 1, petrification resistance
a: no special abilities


You were on level 4 of the Dungeon.
You visited 1 branch of the dungeon, and saw 4 of its levels.

You collected 134 gold pieces.
You spent 104 gold pieces at shops.


Innate Abilities, Weirdness & Mutations

You are immune to sickness and miasma.
Your stone body is resilient. (AC +4)
You are immune to poison.
You resist negative energy. (rN+)
You are resistant to electric shocks. (rElec)
You are resistant to unholy torment.
You are immune to petrification.


   Skills:
 + Level 3.0 Fighting
 - Level 6.0 Ranged Weapons
 - Level 1.3 Armour
 - Level 1.5 Dodging
 - Level 1.0 Spellcasting
 - Level 2.6 Hexes


You had 6 spell levels left.
You knew the following spells:

 Your Spells              Type           Power      Damage    Failure   Level
a - Slow                  Hex            28%        N/A       21%         1

Your spell library contained the following spells:

 Spells                   Type           Power      Damage    Failure   Level
 Inner Flame              Hex/Fire       4%         N/A       71%         3
 Portal Projectile        Hex/Tloc       8%         N/A       71%         3
 Cause Fear               Hex            3%         N/A       90%         4

Inventory:

Hand Weapons
 Y - a +2 sling (weapon)
Armour
 d - a +2 pair of gloves (worn)
 h - a +0 ring mail (worn)
Jewellery
 i - a +5 ring of evasion (left hand)
Scrolls
 c - a scroll of identify
Potions
 b - a potion of might {unknown}
 e - a potion of cancellation
 f - a potion of attraction {unknown}
 g - a potion of heal wounds {unknown}
 k - a potion of degeneration {unknown}
 l - a potion of enlightenment {unknown}
 n - a potion of lignification {unknown}

Dungeon Overview and Level Annotations

Branches:
Dungeon (4/15)
 Temple: D:4-7

Altars:
Qazlal

Shops:
D:3 !


Message History

The dart slug is severely wounded.
The dart slug bites you but does no damage.
The gnoll barely misses you. The gnoll closely misses you.
You shoot a sling bullet. The sling bullet hits the dart slug.
You kill the dart slug!
The gnoll hits you from afar with a +0 spear.
The gnoll hits you with a +0 whip.
You shoot a sling bullet.
The sling bullet barely misses the gnoll.
The gnoll hits you from afar with a +0 spear.
The gnoll misses you.
You shoot a sling bullet.
The sling bullet hits the gnoll but does no damage.
The gnoll hits you but does no damage. The gnoll completely misses you.
The gnoll misses you. The gnoll barely misses you.
You shoot a sling bullet. The sling bullet hits the gnoll.
The gnoll is heavily wounded.
The gnoll hits you from afar with a +0 spear.
The gnoll hits you but does no damage.
You shoot a sling bullet.
The sling bullet barely misses the gnoll.
The gnoll hits you from afar with a +0 spear.
The gnoll barely misses you.
You shoot a sling bullet. The sling bullet hits the gnoll.
The gnoll is severely wounded.
The gnoll hits you from afar with a +0 spear!
The gnoll hits you with a +0 whip.
You shoot a sling bullet. The sling bullet hits the gnoll.
The gnoll is almost dead.
The gnoll barely misses you. x2
The gnoll hits you from afar with a +0 spear.
The gnoll hits you but does no damage.
You shoot a sling bullet. The sling bullet hits the gnoll.
You kill the gnoll!
The gnoll hits you from afar with a +0 spear.
Your Ranged Weapons skill increases to level 6!
You shoot a sling bullet. The sling bullet hits the gnoll.
The gnoll is heavily wounded.
The gnoll hits you from afar with a +0 spear.
You die...

... ....#....## ....
#.... .....
....##.... .......#
.....#...##... ..#
..).........# ...#.
#...#...<..# #.....
#.......# #>.....
#..%<%..##)......
#....@...#)......
#...#...))...)......
#......g...#.)#.....
+...(.....##..# ...
#)....%...##.#.. h
#...#.........#..
.+##.......... ....
#.....#..... .##
.... ..... ..


You could see a gnoll.

Vanquished Creatures
  An ogre (D:3)
  A howler monkey (D:4)
  A hound (D:3)
  An orc priest (D:3)
  2 gnolls (D:4)
  4 adders
  4 worms
  3 dart slugs
  14 orcs
  9 ball pythons
  5 bats
  7 endoplasms
  A giant cockroach (D:3)
  5 goblins
  8 hobgoblins
  4 quokkas
  2 frilled lizards (D:1)
  3 kobolds
  4 rats
79 creatures vanquished.

Notes
Turn   | Place    | Note
-------+----------+-------------------------------------------
     0 | D:1      | qw the Gargoyle Hexslinger began the quest for the Orb.
     0 | D:1      | Reached XP level 1. HP: 12/12 MP: 2/2
     0 | D:1      | 0 ||| qw: Version: 0.3-a-52-g30416fa
     0 | D:1      | 0 ||| qw: Game counter: 6048
     0 | D:1      | 0 ||| qw: Melee chars always use a shield: true
     0 | D:1      | 0 ||| qw: God list: Okawaru
     0 | D:1      | 0 ||| qw: Allow faded altars: false
     0 | D:1      | 0 ||| qw: Do Orc after clearing Dungeon:15 true
     0 | D:1      | 0 ||| qw: Do second Lair branch before Depths: true
     0 | D:1      | 0 ||| qw: Lair rune preference: random
     0 | D:1      | 0 ||| qw: Goals: Normal
     0 | D:1      | 0 ||| PLANNING D:1-11
   223 | D:1      | Reached XP level 2. HP: 16/16 MP: 3/3
   284 | D:1      | HP: 4/16 [frilled lizard (3)]
   554 | D:1      | Reached skill level 3 in Ranged Weapons
   862 | D:1      | 862 ||| UPGRADING to +2 pair of gloves.
   867 | D:1      | 867 ||| UPGRADING to +0 ring mail.
   877 | D:1      | 877 ||| DROPPING +0 robe.
   878 | D:1      | 878 ||| READING scroll labelled MEOSCH REURPHE.
   879 | D:1      | 879 ||| DROPPING scroll of poison.
   964 | D:2      | Reached XP level 3. HP: 21/21 MP: 4/4
   985 | D:2      | Found a faded altar of an unknown god.
  1080 | D:2      | Reached skill level 1 in Armour
  1492 | D:2      | Reached XP level 4. HP: 26/26 MP: 5/5
  1821 | D:2      | 1821 ||| DROPPING amulet of magic regeneration.
  1822 | D:2      | 1822 ||| DROPPING +6 ring of intelligence.
  1823 | D:2      | 1823 ||| UPGRADING to +5 ring of evasion.
  1824 | D:2      | 1824 ||| READING 2 scrolls labelled UFFUN EFEYMESM.
  1825 | D:2      | 1825 ||| READING scroll labelled JUXZECK GYLO.
  1826 | D:2      | 1826 ||| READING scroll labelled DIESOMIJI.
  1907 | D:3      | Reached skill level 4 in Ranged Weapons
  2208 | D:3      | Found a stormy altar of Qazlal.
  2209 | D:3      | Noticed a water elemental
  2212 | D:3      | Noticed an air elemental
  2212 | D:3      | Noticed an earth elemental
  2212 | D:3      | Noticed a fire elemental
  2273 | D:3      | Found Kery's Distillery.
  2280 | D:3      | 2280 ||| SHOPLISTING 2 potions of mutation (208 gold, have
                  | 134).
  2280 | D:3      | 2280 ||| BUYING potion of cancellation (104 gold).
  2280 | D:3      | Bought a potion of cancellation for 104 gold pieces
  2280 | D:3      | 2280 ||| SHOPLISTING potion of curing (39 gold, have 30).
  2280 | D:3      | 2280 ||| SHOPLISTING potion of might (52 gold, have 30).
  2343 | D:3      | Reached XP level 5. HP: 28/30 MP: 6/6
  2609 | D:3      | 2609 ||| READING scroll labelled YTZUID QEBY.
  2661 | D:4      | Noticed an ogre
  2665 | D:4      | 2665 ||| STAIRDANCE
  2668 | D:3      | HP: 7/30 [ogre/+0 giant club (17)]
  2674 | D:3      | Killed an ogre
  2675 | D:3      | Reached skill level 5 in Ranged Weapons
  2761 | D:4      | 2761 ||| STAIRDANCE
  2763 | D:4      | 2763 ||| STAIRDANCE
  2782 | D:3      | Reached XP level 6. HP: 30/36 MP: 7/7
  2833 | D:4      | Reached skill level 3 in Fighting
  2857 | D:4      | HP: 8/37 [orc/+0 flail (5)]
  2893 | D:4      | 2893 ||| FLEEEEING.
  2898 | D:4      | 2898 ||| STAIRDANCE
  3004 | D:4      | HP: 6/37 [gnoll/+0 whip (4)]
  3006 | D:4      | HP: 1/37 [gnoll/+0 spear (4)]
  3007 | D:4      | Reached skill level 6 in Ranged Weapons
  3007 | D:4      | Slain by a gnoll

Levels and vault maps discovered:
D:1:      erik_arrival_orb_chamber, layout_loops_corners, chequers_garden
D:2:      minmay_wonky_spiral, layout_loops_corners,
          dreamdust_ecumenical_altar_grove
D:3:      layout_loops_ring, nicolae_qazlal_style_of_elements, serial_shops,
          nicolae_shop_tiny_statue_garden, serial_co_window_serial,
          co_window_paths_b, co_window_of_opportunity_a,
          co_window_of_opportunity_a, co_window_of_opportunity_a,
          co_window_corner_a, co_window_paths_c, co_window_corner_b,
          co_window_cross_4, co_window_cross_3, co_window_2corner,
          co_window_broadway_a, co_window_broadway_a, glass_columns_b,
          glass_columns_b
D:4:      layout_cave_pools, chequers_hall_statues_corner_a, hex_large,
          minmay_fractal_squares_diagonal_5

Skill      XL: |  1  2  3  4  5  6 |
---------------+-------------------+-----
Ranged Weapons | 3 4 5 6 |  6.0
Fighting       | 2 3 |  3.0
Armour         | 1 |  1.3
Dodging        | |  1.5
Spellcasting   | |  1.0
Hexes          | |  2.6

Action                     |  1- 3 |  4- 6 || total
---------------------------+-------+-------++-------
   Fire: Sling             |   111 |   188 ||   299
    Use: Scroll            |     1 |     4 ||     5
 Armour: Robe              |    13 |       ||    13
         Ring mail         |    24 |    58 ||    82
  Dodge: Dodged            |    37 |   124 ||   161

Table legend:
 A = Non-vault XP
 B = Vault XP
 C = Vault XP percentage of total XP
 D = Non-vault monster count
 E = Vault monster count
 F = Vault count percentage of total count
                 A         B        C        D         E       F
            +---------+---------+-------+---------+---------+-------
      Total |     402 |      88 |  18.0 |      67 |      12 |  15.2
            +---------+---------+-------+---------+---------+-------
        D:1 |      33 |       0 |   0.0 |      20 |       0 |   0.0
        D:2 |      47 |      22 |  31.9 |      13 |       4 |  23.5
        D:3 |     204 |      44 |  17.7 |      18 |       2 |  10.0
        D:4 |     118 |      22 |  15.7 |      16 |       6 |  27.3
            +---------+---------+-------+---------+---------+-------
